 Dungeon Crawl Stone Soup version 0.26-a0-542-gbaa144ba5c (webtiles) character file.

Game seed: 634032061239213804

(classic levelgen) 187722 EnegeticOcto the Severer (level 17, -14/157 HPs)
             Began as a Deep Dwarf Fighter on Aug 18, 2020.
             Was the Champion of Okawaru.
             Demolished by a deep troll shaman (16 damage)
             ... on level 5 of the Depths.
             The game lasted 00:41:54 (5883 turns).

EnegeticOcto the Severer (Deep Dwarf Fighter)       Turns: 5883, Time: 00:41:54

Health: -14/157    AC: 11    Str: 21    XL:     17   Next: 16%
Magic:  9/9 (0)    EV:  8    Int:  5    God:    Okawaru [******]
Gold:   124        SH: 21    Dex: 12    Spells: 16/16 levels left

rFire    + . .     SeeInvis +   U - +14 obsidian axe {vorpal, +Fly SInv *Curse}
rCold    . . .     Faith    .   T - +1 kite shield {rF+}
rNeg     + + +     Spirit   .   m - +0 plate armour
rPois    +         Reflect  +   n - +2 helmet
rElec    +         Harm     .   R - scarf {repulsion}
rCorr    .                      (no gloves)
MR       ++...                  N - +1 pair of boots of Time Monsters {+Fly rPois rN++ Str-4}
Stlth    ..........             o - amulet of reflection
HPRegen  0.00/turn              h - ring of magical power
MPRegen  0.11/turn              L - ring "Vawkiothi" {rElec rPois Int-4 Stlth-}

@: mighty, finesse, corroded, mesmerised, non-regenerating, repel missiles
A: damage resistance, heal wounds, negative energy resistance 1, sense
surroundings 2, weak 1, no regeneration
}: 2/15 runes: decaying, serpentine
a: Heal Wounds, Heroism, Finesse, Renounce Religion, Evoke Flight


You were on level 5 of the Depths.
You worshipped Okawaru.
Okawaru was exalted by your worship.
You visited 6 branches of the dungeon, and saw 33 of its levels.
You also visited: Ice Cave.

You collected 348 gold pieces.
You spent 224 gold pieces at shops.

Inventory:

Hand Weapons
 a - a +0 war axe
 A - a +4 scimitar of flaming
 F - a +0 battleaxe of freezing
 I - the +9 battleaxe of Gehenna {elec, +Inv rPois MR+ Int+4}
   (Okawaru gifted it to you on level 1 of the Lair of Beasts)

   Occasionally, upon striking a foe, it will discharge some electrical energy
   and cause terrible harm.
   It affects your intelligence (+4).
   It protects you from poison.
   It affects your resistance to hostile enchantments.
   It lets you turn invisible.
 M - a +7 broad axe of freezing
 Q - a +3 war axe of venom
 U - the +14 obsidian axe (weapon) {vorpal, +Fly SInv *Curse}
   (Okawaru gifted it to you on level 1 of the Swamp)

   It inflicts extra damage upon your enemies.
   It lets you see invisible.
   It lets you fly.
   It curses itself when equipped.
 V - a +2 battleaxe of venom
Missiles
 H - a throwing net (quivered) {!f}
Armour
 c - a +0 kite shield
 d - a +2 tower shield of poison resistance
 m - a +0 plate armour (worn)
 n - a +2 helmet (worn)
 y - a +1 cloak
 B - a +2 scale mail of poison resistance
 C - the +0 ring mail of Discretion {SInv}
   (Okawaru gifted it to you in an ice cave)

   It lets you see invisible.
 E - a +1 chain mail of fire resistance
 K - a scarf of harm
 N - the +1 pair of boots of Time Monsters (worn) {+Fly rPois rN++ Str-4}
   (Okawaru gifted it to you on level 3 of the Snake Pit)

   It affects your strength (-4).
   It protects you from poison.
   It greatly protects you from negative energy.
   It lets you fly.
 R - a scarf of repulsion (worn)
 T - a +1 kite shield of fire resistance (worn)
 W - the +0 hat of Okawaru's Inspiration {Int+4}
   (Okawaru gifted it to you on level 3 of the Depths)

   It affects your intelligence (+4).
Jewellery
 g - an uncursed ring of wizardry
 h - a ring of magical power (left hand)
 o - an amulet of reflection (around neck)
 r - an uncursed ring of stealth
 x - an uncursed ring of see invisible
 G - an uncursed ring of ice
 L - the ring "Vawkiothi" (right hand) {rElec rPois Int-4 Stlth-}
   (You bought it in a shop on level 1 of the Snake Pit)

   [ring of attention]

   It affects your intelligence (-4).
   It insulates you from electricity.
   It protects you from poison.
   It makes you less stealthy.
 O - an uncursed ring of protection from cold
Wands
 e - a wand of polymorph (14)
 u - a wand of digging (5) {@v3}
 D - a wand of enslavement (3)
Scrolls
 b - a scroll of teleportation {@r3 !r}
 j - a scroll of amnesia
 P - a scroll of blinking {@r4}
 S - 2 scrolls of fear {!r}
Potions
 f - 4 potions of curing {@q1 !q}
 i - 3 potions of degeneration
 k - 2 potions of berserk rage
 l - 4 potions of heal wounds {@q2 !q}
 p - a potion of haste {unknown}
 q - 2 potions of lignification {@q6}
 s - a potion of resistance {unknown}
 t - 3 potions of stabbing {@q5 !q}
 v - a potion of flight {unknown}
 w - 2 potions of magic
 z - 2 potions of cancellation
 J - a potion of invisibility {unknown}
 X - a potion of might {@q3 !q}


   Skills:
 + Level 11.3 Fighting
 - Level 18.0 Axes
 - Level 8.0 Armour
 - Level 4.0 Dodging
 + Level 17.6 Shields
 + Level 18.0 Invocations
 - Level 5.0 Evocations


You had 16 spell levels left.
You didn't know any spells.
Your spell library contained the following spells:

 Spells                   Type           Power        Failure   Level
 Chain Lightning          Conj/Air       #.........   100%        8
 Lehudib's Crystal Spear  Conj/Erth      #.........   100%        8
 Absolute Zero            Ice            #.........   100%        9
 Fire Storm               Conj/Fire      #.........   100%        9


Dungeon Overview and Level Annotations

Branches:
Dungeon (15/15)            Temple (1/1) D:5            Lair (4/6) D:8
  Swamp (4/4) Lair:2        Snake (4/4) Lair:4       Depths (5/5) D:15
  IceCv (visited)
    Orc: D:9-12      Vaults: D:13-14        Zot: Depths:5

Altars:
Ashenzari
Cheibriados
Elyvilon
Fedhas
Hepliaklqana
Kikubaaqudgha
Nemelex Xobeh
Okawaru
Qazlal
Ru
Trog
Uskayaw
Vehumet
Xom
Yredelemnul
Lugonu

Shops:
D:12 [   Snake:1 =

Annotations:
Swamp:1 2 runed translucent doors, 2 transporters, Haduz's ghost, adept TrMo


Innate Abilities, Weirdness & Mutations

You are resistant to damage.
You can heal yourself by infusing magical energy.
You resist negative energy. (rN+)
You passively map the area around you.
You do not regenerate.
You are weak. (Str -2)


Message History

Your sun demon misses the black draconian.
Your magical essence is drained by the effort!
You feel much better.
Visions of slaying the deep troll shaman flood into your mind.
You block the brown very ugly thing's attack.
The deep troll shaman closely misses you.
You block the deep troll shaman's attack. x2
The black draconian closely misses your sun demon.
The white ugly thing headbutts you but does no damage.
Your sun demon barely misses the black draconian.
The brown very ugly thing trunk-slaps you!
The acid corrodes you!
You are splashed with acid!
The white draconian closely misses you.
Your sun demon hits the black draconian but does no damage.
The spark wasp stings you. The spark wasp shocks you. You resist.
You slash the deep troll shaman!
The deep troll shaman is moderately wounded.
You slash the white draconian! You barely miss the spark wasp.
You slash the brown very ugly thing! You slash the white ugly thing!
You slash the brown very ugly thing!
Visions of slaying the white ugly thing flood into your mind.
You block the deep troll shaman's attack.
The deep troll shaman claws you but does no damage.
You block the deep troll shaman's attack.
The sphinx mumbles some strange words.
The sphinx is healed somewhat.
The brown very ugly thing barely misses you.
The white ugly thing headbutts you. The white ugly thing freezes you!
The deep troll shaman calls upon its god to speed up the deep troll.
The deep troll seems to speed up.
The black draconian hits your sun demon with a +0 scimitar.
You hit the deep troll shaman.
The deep troll shaman is heavily wounded.
You slash the brown very ugly thing! You slash the white ugly thing!
You are no longer entranced.
You kill the white ugly thing!
Okawaru accepts your kill.
You slash the brown very ugly thing! You open a gate to Pandemonium!
A demon appears!
You hit the spark wasp. You slash the white draconian!
Visions of slaying the spark wasp flood into your mind.
Your sun demon closely misses the brown very ugly thing.
The spark wasp completely misses you.
Your sun demon hits the black draconian!
The black draconian is engulfed in flames!
You slash the deep troll shaman! You open a gate to Pandemonium!
A demon appears!
The deep troll shaman is almost dead.
You barely miss the white draconian. You slash the spark wasp!
You hit the brown very ugly thing but do no damage.
You slash the brown very ugly thing!
You kill the brown very ugly thing!
Okawaru accepts your kill.
Your Invocations skill increases to level 18!
Visions of slaying the deep troll shaman flood into your mind.
Your sun demon disappears in a puff of smoke!
You block the deep troll shaman's attack.
The deep troll shaman completely misses you.
The deep troll shaman claws you!
* * * LOW HITPOINT WARNING * * *
The white draconian hits you with a +0 war axe!
* * * LOW HITPOINT WARNING * * *
The brown very ugly thing basks in the mutagenic energy from its kin and changes!
The brown very ugly thing tentacle-slaps your red devil!!
Your red devil is splashed with acid!
The acid corrodes your red devil!
Your magical essence is drained by the effort!
You feel much better. You block the spark wasp's attack.
The deep troll shaman barely misses you.
The deep troll shaman claws you! The deep troll shaman claws you!!
* * * LOW HITPOINT WARNING * * *
Your sun demon hits the black draconian!
The black draconian is engulfed in flames!
You block the deep troll shaman's attack.
The deep troll shaman claws you but does no damage.
The deep troll shaman claws you.
* * * LOW HITPOINT WARNING * * *
The cyan ugly thing barely misses your red devil.
The frost giant completely misses your red devil.
The black draconian hits your sun demon with a +0 scimitar!!
Your red devil hits the brown very ugly thing with a +0 trident!
The spark wasp stings you!!
* * * LOW HITPOINT WARNING * * *
The spark wasp shocks you. You resist.
* * * LOW HITPOINT WARNING * * *
The deep troll shaman utters an invocation to its god.
The deep troll shaman is healed somewhat.
Your red devil hops backward while attacking.
Your red devil hits the brown very ugly thing from afar with a cursed -1 trident!!
You slice the deep troll shaman!!
You are no longer entranced.
You kill the deep troll shaman!
Okawaru accepts your kill.
You slash the deep troll shaman! You closely miss the spark wasp.
You slash the white draconian! You open a gate to Pandemonium!
A demon appears!
Visions of slaying the deep troll shaman flood into your mind.
Your red devil disappears in a puff of smoke!
Your sun demon misses the black draconian.
You block the white draconian's attack. The deep troll shaman bites you!!
* * * LOW HITPOINT WARNING * * *
The deep troll shaman claws you!!
You die...

, , ,, .#*
...,#.# *
....#..## * ,
/.......# * , ,
.....#..#### ,
,.....#....(### ,
......d..3...# *
#.DT3).<..# , *
#dy)@4u...#
*#....ddy)u§..# *
* , *,
...CTcdHCu.......
, ,
#...#TTDT......##
, #.C
#.DCC......# * ,
.#
#..T........#,,
,*,
#...........#, *
* ,,
............#, ,*
, * ***, , *


You could see a golden dragon, 2 frost giants, 2 very ugly things, 2 draconians,
a green draconian, 2 draconians, 2 fire giants, an ice dragon, a quicksilver
dragon, a sphinx, an iron troll, a stone giant, a yaktaur captain, a cyan ugly
thing, 2 spark wasps, a deep troll (fast), 4 deep troll shamans, 2 friendly sun
demons and a friendly red devil (summoned, corroded).

Vanquished Creatures
  Vashnia (Snake:4)
  A tentacled monstrosity (Depths:3)
  2 thorn hunters (Swamp:4)
  2 tengu reavers (Depths:3)
  Donald (Snake:2)
  13 nagarajas
  2 azure jellies (Swamp:4)
  A large abomination (Depths:3)
  2 frost giants
  3 fire giants
  Aizul (Snake:1)
  3 very ugly things
  3 stone giants
  A vampire knight (Depths:3)
  A black draconian (Depths:5)
  A spark wasp (Depths:5)
  A deep elf death mage (Depths:3)
  A fire dragon (Depths:3)
  A yaktaur captain (Depths:3)
  An ogre mage (Depths:4)
  A great orb of eyes (Depths:4)
  A shambling mangrove (Swamp:1)
  Harold (Lair:1)
  2 ice dragons (Swamp:4)
  6 naga warriors
  4 hydras
  4 spriggan air magi
  10 anacondas
  Erica (Lair:1)
  2 centaur warriors
  7 alligators
  3 two-headed ogres
  3 death yaks (IceCv)
  A deep troll shaman (Depths:5)
  2 shock serpents (Snake:4)
  2 spriggan berserkers
  12 naga sharpshooters
  4 spriggans
  A fire crab (shapeshifter) (D:15)
  A salamander mystic (Snake:2)
  An iron troll (Depths:5)
  2 deep trolls (Depths:5)
  9 sea snakes (Snake:4)
  A glowing orange brain (Depths:5)
  A swamp dragon (shapeshifter) (D:15)
  2 swamp dragons
  6 naga ritualists
  A deep elf mage (D:14)
  An orc knight (D:15)
  An orc sorcerer (D:15)
  14 mana vipers
  A manticore (D:15)
  6 salamanders
  2 ugly things
  4 guardian serpents
  Joseph (Lair:1)
  22 black mambas
  Maurice (D:8)
  10 cane toads
  8 naga magi
  A rime drake (Lair:3)
  2 freezing wraiths (Swamp:4)
  2 ice devils (Lair:1)
  4 komodo dragons
  4 yaktaurs
  11 polar bears (IceCv)
  2 tyrant leeches (Swamp:3)
  4 hornets
  9 slime creatures
  5 hippogriffs
  4 bog bodies
  16 yaks
  A water elemental (Depths:1)
  A wyvern (Lair:3)
  A fire elemental (Depths:3)
  Grum (Lair:1)
  A steam dragon (Lair:3)
  11 vampire mosquitoes
  7 swamp worms
  9 insubstantial wisps
  29 nagas
  8 hydra simulacra (Swamp:4)
  10 water moccasins
  3 porcupines
  A soldier ant (D:9)
  An ice beast (D:8)
  2 swamp drakes
  2 necrophages
  A phantom (D:6)
  A black bear (D:9)
  5 orc warriors
  12 wolves
  9 ogres
  6 centaurs
  4 crocodiles
  A big kobold (D:9)
  Blork the orc (D:6)
  8 bullfrogs
  A water moccasin skeleton (D:11)
  3 killer bees (D:11)
  3 howler monkeys
  A centaur zombie (D:6)
  2 hounds
  5 orc priests
  A bullfrog zombie (D:12)
  3 jellies
  A bullfrog skeleton (D:8)
  9 orc wizards
  A centaur skeleton (D:6)
  An iguana (D:8)
  A hound skeleton (D:5)
  5 gnolls
  7 adders
  A white imp (D:8)
  4 ufetubi
  An ooze (D:1)
  A swamp drake simulacrum (Swamp:4)
  A worm (D:2)
  3 leopard geckos
  43 orcs
  A ball python (D:1)
  5 bats
  4 giant cockroaches
  2 goblins
  9 jackals
  5 quokkas
  4 frilled lizards
  11 kobolds
  2 leopard gecko skeletons
  3 rats
  8 briar patches (Swamp:4)
  2 bushes (Lair:3)
  3 crawling corpses (Depths:3)
  A fungus (Lair:2)
562 creatures vanquished.

Vanquished Creatures (collateral kills)
  2 stone giants
  A spark wasp (Depths:5)
  An ice dragon (Depths:3)
  2 alligators
  A swamp dragon (Swamp:4)
  An ugly thing (D:11)
  A slime creature (D:12)
  A naga mage (Snake:4)
  2 yaktaurs (Depths:3)
  2 freezing wraiths (Swamp:4)
  3 tyrant leeches
  A bog body (Swamp:1)
  2 water elementals (Depths:4)
  2 swamp worm simulacra (Swamp:4)
  An insubstantial wisp (Swamp:4)
  A swamp worm (Swamp:3)
  2 hydra simulacra (Swamp:4)
  2 ogres
  A centaur (D:13)
  A scorpion (D:9)
  A hound (D:10)
  3 orcs (D:11)
34 creatures vanquished.

Vanquished Creatures (others)
  5 slime creatures (Depths:3)
  2 vampire mosquitoes (Swamp:4)
  A naga (Snake:4)
  A swamp worm (Swamp:4)
  3 hydra simulacra (Swamp:4)
  A fire vortex (Lair:4)
13 creatures vanquished.

Grand Total: 609 creatures vanquished

Notes
Turn   | Place    | Note
-------+----------+-------------------------------------------
     0 | D:1      | EnegeticOcto the Deep Dwarf Fighter began the quest for the
                  | Orb.
     0 | D:1      | Reached XP level 1. HP: 20/20 MP: 1/1
    68 | D:1      | Reached skill level 3 in Axes
    74 | D:1      | Reached XP level 2. HP: 24/27 MP: 2/2
   212 | D:2      | Reached XP level 3. HP: 24/33 MP: 3/3
   220 | D:2      | Reached skill level 4 in Axes
   329 | D:3      | Reached XP level 4. HP: 27/40 MP: 4/4
   428 | D:4      | Reached skill level 5 in Axes
   618 | D:4      | Found a blossoming altar of Fedhas.
   628 | D:5      | Entered Level 5 of the Dungeon
   702 | D:6      | Noticed a bullfrog
   712 | D:6      | Reached XP level 5. HP: 26/46 MP: 5/5
   712 | D:6      | Reached skill level 6 in Axes
   716 | D:6      | Your magical essence is drained by the effort!
   724 | D:6      | Noticed Blork the orc
   725 | D:6      | Reached skill level 7 in Axes
   725 | D:6      | Reached XP level 6. HP: 52/55 MP: 5/5
   733 | D:6      | Killed Blork the orc
   768 | D:6      | Found a radiant altar of Vehumet.
   777 | D:5      | Reached skill level 8 in Axes
   778 | D:5      | Reached XP level 7. HP: 42/61 MP: 6/6
   784 | D:5      | Found a shimmering altar of Xom.
   800 | D:5      | Became a worshipper of Xom of Chaos
   831 | D:5      | Found a staircase to the Ecumenical Temple.
   835 | D:5      | Reached skill level 9 in Axes
   843 | Temple   | Entered the Ecumenical Temple
   864 | Temple   | Fell from the grace of Xom
   864 | Temple   | Became a worshipper of Warmaster Okawaru
   967 | D:6      | Reached skill level 1 in Invocations
   996 | D:6      | Reached skill level 2 in Invocations
  1048 | D:7      | Found a hide-covered altar of Uskayaw.
  1159 | D:7      | Reached * piety under Okawaru
  1159 | D:7      | Reached skill level 3 in Invocations
  1170 | D:7      | Noticed a hippogriff
  1177 | D:7      | Killed a hippogriff
  1177 | D:7      | Reached skill level 10 in Axes
  1177 | D:7      | Reached XP level 8. HP: 51/68 MP: 9/9
  1184 | D:7      | Reached skill level 4 in Invocations
  1189 | D:7      | XOM: 8-stop teleportation journey
  1190 | D:7      | Noticed a hippogriff
  1199 | D:7      | Killed a hippogriff
  1199 | D:7      | Reached ** piety under Okawaru
  1280 | D:8      | Reached skill level 5 in Invocations
  1282 | D:8      | Your magical essence is drained by the effort!
  1289 | D:8      | Noticed Maurice
  1305 | D:8      | Reached skill level 11 in Axes
  1367 | D:8      | Killed Maurice
  1367 | D:8      | Reached skill level 6 in Invocations
  1367 | D:8      | Gained mutation: You passively map the area around you.
                  | [Deep Dwarf growth]
  1367 | D:8      | Reached XP level 9. HP: 53/74 MP: 11/11
  1417 | D:8      | XOM: 1-stop teleportation journey
  1479 | D:8      | Reached *** piety under Okawaru
  1499 | D:8      | XOM: noise
  1556 | D:8      | Reached skill level 12 in Axes
  1556 | D:8      | Reached skill level 7 in Invocations
  1620 | D:8      | Found a basalt altar of Yredelemnul.
  1623 | D:8      | Found a snail-covered altar of Cheibriados.
  1626 | D:8      | Found a sacrificial altar of Ru.
  1630 | D:8      | Reached skill level 8 in Invocations
  1645 | D:8      | Found a staircase to the Lair.
  1682 | Lair:1   | Entered Level 1 of the Lair of Beasts
  1682 | Lair:1   | Noticed Erica
  1700 | Lair:1   | Killed Erica
  1700 | Lair:1   | Reached **** piety under Okawaru
  1700 | Lair:1   | Reached skill level 3 in Fighting
  1700 | Lair:1   | Reached skill level 13 in Axes
  1700 | Lair:1   | Reached skill level 4 in Armour
  1700 | Lair:1   | Reached skill level 2 in Evocations
  1723 | Lair:1   | Noticed a cane toad
  1741 | Lair:1   | Killed a cane toad
  1741 | Lair:1   | Reached skill level 3 in Evocations
  1741 | Lair:1   | Reached XP level 10. HP: 66/84 MP: 11/14
  1757 | Lair:1   | Found a frozen archway.
  1762 | Lair:1   | Your magical essence is drained by the effort!
  1829 | IceCv    | Entered an ice cave
  1852 | IceCv    | Reached skill level 4 in Fighting
  1852 | IceCv    | Reached skill level 4 in Evocations
  1857 | IceCv    | Reached ***** piety under Okawaru
  1857 | IceCv    | Reached skill level 5 in Armour
  1889 | IceCv    | Reached skill level 5 in Evocations
  1902 | IceCv    | XOM: 2-stop teleportation journey
  1903 | IceCv    | Noticed a death yak
  1914 | IceCv    | Killed a death yak
  1914 | IceCv    | Reached skill level 14 in Axes
  1923 | IceCv    | XOM: 2-stop teleportation journey
  1924 | IceCv    | Noticed a death yak
  1934 | IceCv    | Reached skill level 6 in Armour
  1939 | IceCv    | Reached skill level 5 in Fighting
  1965 | IceCv    | Killed a death yak
  1965 | IceCv    | Received a gift from Okawaru
  1965 | IceCv    | Reached XP level 11. HP: 82/96 MP: 14/14
  1966 | IceCv    | Got a translucent ring mail {god gift}
  1998 | IceCv    | Your magical essence is drained by the effort!
  2057 | IceCv    | Noticed a death yak
  2057 | IceCv    | Noticed a frost giant
  2067 | IceCv    | XOM: enchant monster (bad)
  2071 | IceCv    | Killed a death yak
  2072 | IceCv    | Your magical essence is drained by the effort!
  2076 | IceCv    | Reached skill level 7 in Armour
  2084 | IceCv    | Your magical essence is drained by the effort!
  2094 | IceCv    | Your magical essence is drained by the effort!
  2096 | IceCv    | Killed a frost giant
  2096 | IceCv    | Reached skill level 6 in Fighting
  2096 | IceCv    | Reached skill level 15 in Axes
  2122 | IceCv    | XOM: noise
  2202 | Lair:1   | Noticed Harold
  2210 | Lair:1   | Noticed Joseph
  2215 | Lair:1   | Your magical essence is drained by the effort!
  2229 | Lair:1   | Killed Harold
  2238 | Lair:1   | Killed Joseph
  2241 | Lair:1   | Noticed Grum
  2252 | Lair:1   | Received a gift from Okawaru
  2260 | Lair:1   | Reached skill level 8 in Armour
  2272 | Lair:1   | Killed Grum
  2274 | Lair:1   | Got a faintly glowing battleaxe {god gift}
  2280 | Lair:1   | Identified the +9 battleaxe of Gehenna {elec, +Inv rPois
                  | MR+ Int+4} (Okawaru gifted it to you on level 1 of the Lair
                  | of Beasts)
  2331 | Lair:1   | You fall into a shaft and drop 1 floor!
  2344 | Lair:2   | Your magical essence is drained by the effort!
  2352 | Lair:2   | XOM: stat loss: -1 Dex (11/12)
  2364 | Lair:2   | Reached skill level 1 in Dodging
  2370 | Lair:2   | Reached skill level 7 in Fighting
  2389 | Lair:2   | XOM: summons 14 hostile demons
  2410 | Lair:2   | Reached XP level 12. HP: 45/109 MP: 9/9
  2462 | Lair:3   | Reached skill level 2 in Dodging
  2465 | Lair:3   | Your magical essence is drained by the effort!
  2470 | Lair:3   | Reached skill level 16 in Axes
  2637 | Lair:3   | You fall into a shaft and drop 1 floor!
  2681 | Lair:4   | Received a gift from Okawaru
  2703 | Lair:4   | Found a staircase to the Snake Pit.
  2707 | Lair:4   | Reached skill level 3 in Dodging
  2726 | Snake:1  | XOM: noise
  2726 | Snake:1  | Entered Level 1 of the Snake Pit
  2761 | Snake:1  | Your magical essence is drained by the effort!
  2775 | Snake:1  | Found Fasoenoe's Jewellery Shoppe.
  2778 | Snake:1  | Bought the ring "Vawkiothi" {rElec rPois Int-4 Stlth-} for
                  | 224 gold pieces
  2781 | Snake:1  | Reached ****** piety under Okawaru
  2844 | Snake:1  | Noticed a naga warrior
  2850 | Snake:1  | Killed a naga warrior
  2850 | Snake:1  | Received a gift from Okawaru
  2850 | Snake:1  | Reached skill level 4 in Dodging
  2865 | Snake:1  | Identified the +0 ring mail of Discretion {SInv} (Okawaru
                  | gifted it to you in an ice cave)
  2908 | Snake:1  | Noticed an anaconda
  2915 | Snake:1  | Killed an anaconda
  2915 | Snake:1  | Noticed Aizul
  2925 | Snake:1  | Reached skill level 8 in Fighting
  2933 | Snake:1  | Killed Aizul
  2933 | Snake:1  | Reached skill level 4 in Shields
  2933 | Snake:1  | Reached skill level 9 in Invocations
  2934 | Snake:1  | Your magical essence is drained by the effort!
  2943 | Snake:1  | Reached skill level 17 in Axes
  3032 | Snake:2  | Noticed an anaconda
  3045 | Snake:2  | Killed an anaconda
  3052 | Snake:3  | Noticed a naga warrior
  3052 | Snake:3  | Noticed a nagaraja
  3072 | Snake:3  | Reached skill level 5 in Shields
  3073 | Snake:3  | Killed a naga warrior
  3078 | Snake:3  | Received a gift from Okawaru
  3078 | Snake:3  | Reached XP level 13. HP: 97/117 MP: 8/8
  3080 | Snake:3  | Killed a nagaraja
  3086 | Snake:3  | Reached skill level 10 in Invocations
  3099 | Snake:3  | Reached skill level 6 in Shields
  3102 | Snake:3  | Got a pair of ancient boots {god gift}
  3108 | Snake:3  | Identified the +1 pair of boots of Time Monsters {+Fly
                  | rPois rN++ Str-4} (Okawaru gifted it to you on level 3 of
                  | the Snake Pit)
  3114 | Snake:3  | Your magical essence is drained by the effort!
  3134 | Snake:3  | You fall into a shaft and drop 1 floor!
  3134 | Snake:4  | Entered Level 4 of the Snake Pit
  3148 | Snake:4  | Reached skill level 18 in Axes
  3152 | Snake:4  | Reached skill level 7 in Shields
  3236 | Snake:4  | Reached skill level 8 in Shields
  3243 | Snake:4  | Your magical essence is drained by the effort!
  3285 | Snake:4  | Reached skill level 9 in Shields
  3332 | Snake:4  | XOM: draining
  3351 | Snake:4  | Received a gift from Okawaru
  3351 | Snake:4  | Reached skill level 10 in Shields
  3375 | Snake:4  | Noticed Vashnia
  3404 | Snake:4  | Killed Vashnia
  3404 | Snake:4  | Received a gift from Okawaru
  3404 | Snake:4  | Reached skill level 11 in Invocations
  3404 | Snake:4  | Gained mutation: You resist negative energy. (rN+) [Deep
                  | Dwarf growth]
  3404 | Snake:4  | Reached XP level 14. HP: 53/126 MP: 1/8
  3411 | Snake:4  | Reached skill level 11 in Shields
  3437 | Snake:4  | Noticed a nagaraja
  3437 | Snake:4  | Noticed a nagaraja
  3455 | Snake:4  | Reached skill level 12 in Invocations
  3457 | Snake:4  | Killed a nagaraja
  3459 | Snake:4  | Your magical essence is drained by the effort!
  3471 | Snake:4  | Your magical essence is drained by the effort!
  3480 | Snake:4  | Killed a nagaraja
  3483 | Snake:4  | Reached skill level 12 in Shields
  3504 | Snake:4  | Reached skill level 13 in Invocations
  3507 | Snake:4  | Noticed a nagaraja
  3511 | Snake:4  | Noticed a nagaraja
  3522 | Snake:4  | Your magical essence is drained by the effort!
  3530 | Snake:4  | Killed a nagaraja
  3534 | Snake:4  | Noticed a nagaraja
  3540 | Snake:4  | Killed a nagaraja
  3540 | Snake:4  | Received a gift from Okawaru
  3601 | Snake:4  | Your magical essence is drained by the effort!
  3618 | Snake:4  | Killed a nagaraja
  3618 | Snake:4  | Reached skill level 14 in Invocations
  3632 | Snake:4  | Reached skill level 13 in Shields
  3658 | Snake:4  | Noticed a nagaraja
  3659 | Snake:4  | Noticed a nagaraja
  3666 | Snake:4  | Noticed a nagaraja
  3666 | Snake:4  | Noticed a nagaraja
  3666 | Snake:4  | Noticed a nagaraja
  3669 | Snake:4  | Noticed a nagaraja
  3671 | Snake:4  | Noticed a nagaraja
  3673 | Snake:4  | Killed a nagaraja
  3675 | Snake:4  | Your magical essence is drained by the effort!
  3685 | Snake:4  | Killed a nagaraja
  3686 | Snake:4  | Killed a nagaraja
  3686 | Snake:4  | Reached XP level 15. HP: 55/132 MP: 7/7
  3689 | Snake:4  | Your magical essence is drained by the effort!
  3693 | Snake:4  | Killed a nagaraja
  3695 | Snake:4  | Killed a nagaraja
  3695 | Snake:4  | Reached skill level 15 in Invocations
  3703 | Snake:4  | Killed a nagaraja
  3703 | Snake:4  | Reached skill level 14 in Shields
  3716 | Snake:4  | Your magical essence is drained by the effort!
  3742 | Snake:4  | Received a gift from Okawaru
  3828 | Snake:4  | Got a serpentine rune of Zot
  3835 | Snake:4  | Killed a nagaraja
  3902 | Snake:2  | Noticed Donald
  3923 | Snake:2  | Killed Donald
  3931 | Snake:2  | Reached skill level 15 in Shields
  4040 | Snake:1  | XOM: give mutation
  4040 | Snake:1  | Gained mutation: You are weak. (Str -2) [Xom's mischief]
  4249 | Lair:2   | Found a staircase to the Swamp.
  4264 | Swamp:1  | Entered Level 1 of the Swamp
  4279 | Swamp:1  | Received a gift from Okawaru
  4280 | Swamp:1  | Found the +14 obsidian axe {vorpal, +Fly SInv *Curse}
  4299 | Swamp:1  | Found a large runed translucent door.
  4300 | Swamp:1  | Found a large runed translucent door.
  4302 | Swamp:1  | Noticed Haduz's ghost (adept TrMo)
  4350 | Swamp:1  | Found a transporter.
  4361 | Swamp:2  | You fall into a shaft and drop 1 floor!
  4426 | Swamp:4  | Entered Level 4 of the Swamp
  4435 | Swamp:4  | Noticed a thorn hunter
  4438 | Swamp:4  | Noticed a thorn hunter
  4445 | Swamp:4  | Killed a thorn hunter
  4445 | Swamp:4  | Received a gift from Okawaru
  4445 | Swamp:4  | Reached skill level 16 in Shields
  4454 | Swamp:4  | Killed a thorn hunter
  4454 | Swamp:4  | Reached skill level 9 in Fighting
  4548 | Swamp:4  | Your magical essence is drained by the effort!
  4560 | Swamp:4  | Reached XP level 16. HP: 92/144 MP: 5/5
  4569 | Swamp:4  | Your magical essence is drained by the effort!
  4596 | Swamp:4  | Reached skill level 16 in Invocations
  4640 | Swamp:4  | Received a gift from Okawaru
  4672 | Swamp:4  | Got a decaying rune of Zot
  4799 | Swamp:1  | Found a transporter.
  4823 | Swamp:1  | Your magical essence is drained by the effort!
  5018 | D:9      | XOM: torment (85/144 hp)
  5118 | D:9      | Found a sparkling altar of Nemelex Xobeh.
  5211 | D:10     | Entered Level 10 of the Dungeon
  5339 | D:12     | Found Faunyaxt's Antique Armour Shoppe.
  5448 | D:15     | Entered Level 15 of the Dungeon
  5509 | D:15     | Reached skill level 10 in Fighting
  5542 | D:15     | Found a staircase to the Depths.
  5575 | Depths:1 | Entered Level 1 of the Depths
  5606 | Depths:3 | Noticed a tengu reaver
  5606 | Depths:3 | Noticed a tentacled monstrosity
  5606 | Depths:3 | Noticed a tengu reaver
  5629 | Depths:3 | Reached skill level 17 in Invocations
  5643 | Depths:3 | Killed a tengu reaver
  5643 | Depths:3 | Received a gift from Okawaru
  5646 | Depths:3 | Killed a tengu reaver
  5646 | Depths:3 | Reached skill level 17 in Shields
  5650 | Depths:3 | Killed a tentacled monstrosity
  5662 | Depths:3 | Your magical essence is drained by the effort!
  5667 | Depths:3 | Your magical essence is drained by the effort!
  5703 | Depths:3 | Received a gift from Okawaru
  5704 | Depths:3 | Got a faintly humming hat {god gift}
  5715 | Depths:3 | Identified the +0 hat of Okawaru's Inspiration {Int+4}
                  | (Okawaru gifted it to you on level 3 of the Depths)
  5820 | Depths:5 | Entered Level 5 of the Depths
  5829 | Depths:5 | Reached skill level 11 in Fighting
  5845 | Depths:5 | HP: 1/150 [spriggan rider/+0 spear (9)]
  5846 | Depths:5 | Your magical essence is drained by the effort!
  5851 | Depths:5 | Noticed a sphinx
  5859 | Depths:5 | Reached XP level 17. HP: 102/157 MP: 2/2
  5868 | Depths:5 | Noticed a quicksilver dragon
  5872 | Depths:5 | Your magical essence is drained by the effort!
  5873 | Depths:5 | Noticed a golden dragon
  5878 | Depths:5 | Your magical essence is drained by the effort!
  5881 | Depths:5 | Reached skill level 18 in Invocations
  5882 | Depths:5 | Your magical essence is drained by the effort!
  5883 | Depths:5 | HP: 2/157 [deep troll shaman (18)]
  5883 | Depths:5 | Demolished by a deep troll shaman

Illustrated notes

Levels and vault maps discovered:
D:1:      onia_arrival_mini_maze, layout_loops_ring, kennysheep_doodads
D:2:      layout_rooms
D:3:      layout_loops_corners, grunt_gozag_breadcrumbs, bh_walls_and_bars
D:4:      layout_basic, kennysheep_little_box, serial_bayou_pond_c
D:5:      layout_rooms, nicolae_overflow_crystal_walls, tgw_sif,
          chequers_temple_overflow_minitemple, minmay_temple_entry_large_hall
D:6:      layout_loops_ring, grunt_temple_overflow_order_and_chaos_2,
          vehumet_crystals, uniq_menkaure, uniq_blork_the_orc,
          uniq_crazy_yiuf_cottage
D:7:      layout_basic, kennysheep_mini_moat
D:8:      layout_basic, grunt_temple_overflow_open, lair_entry_dummy,
          uniq_psyche, uniq_maurice
D:9:      layout_cave_pods, nemelex_xobeh_ov_fountains_minmay,
          grunt_ministairs_5
D:10:     layout_irregular_city, serial_rivers, chequers_serial_rivers_room_b,
          chequers_serial_rivers_small_3, chequers_serial_rivers_small_a,
          chequers_serial_rivers_micro_c, small_statue_intersection,
          dk_noncrumbling_3, uniq_josephine
D:11:     layout_small_grid, minmay_lindwurm_lava
D:12:     layout_loops_ring, orc_0_dummy, special_room [special_room_bee],
          serial_shops, shop, gammafunk_ghost_icy,
          chequers_serial_rivers_micro_c, minmay_misc_feat_cross
D:13:     layout_layer_cave, minmay_rotating_lava, uniq_jorgrun
D:14:     layout_loops_ring, david_vaults_1, minivault_4
D:15:     hangedman_depths_entry_try_elsewhere_first, layout_irregular_city,
          muffindrake_ghost_dual_entry, hangedman_abyss_or_decor_passed
Temple:   corrupted_temple
Lair:1:   layout_cave_pods, portal_ice_cave_demonic_guard,
          gammafunk_lair_bear_cave, lemuel_fruit_fields, serial_bayou_shore_b,
          uniq_joseph, uniq_erica, uniq_harold, uniq_grum
Lair:2:   layout_cave_shapes, palyth_hydra_swamp_entry
Lair:3:   layout_cave_pods, chequers_serial_rivers_micro_e, minmay_hedge_maze,
          serial_bayou_ford_a
Lair:4:   layout_gridlike, minmay_snake_entry_six_corridors, st_stairs_3,
          grunt_megastairs_2, minmay_lair_oklob_chamber
Swamp:1:  gammafunk_worm_tunnel, layout_basic_swamp,
          ebering_ghost_disaster_area, evilmike_swamp_ruin_house_3
Swamp:2:  layout_falls_marsh, hangedman_swamp_ruin_wall, swamp_pool1,
          st_swamp_ruins_4, infiniplex_staircase_pool_2
Swamp:3:  layout_basic_swamp, infiniplex_staircase_pool, swamp_pool1,
          hangedman_swamp_wriggling
Swamp:4:  swamp_icy, layout_basic_swamp, swamp_pool1, uniq_mara
Snake:1:  layout_basic, serial_shops, nicolae_shop_behind_doors, st_stairs_10,
          nicolae_snake_serpentine_hallways, grunt_megastairs_3, uniq_aizul
Snake:2:  layout_misc_corridors, uniq_donald, uniq_roxanne
Snake:3:  layout_rooms
Snake:4:  grunt_snake_rune_pools, layout_gridlike, st_stairs_7,
          grunt_megastairs_1, uniq_vashnia
Depths:1: layout_cave_pools, enter_ziggurat_d, hangedman_decor_slide_cut,
          mu_enter_wizlab_6, pf_hell_entry_tar_river
Depths:2: minmay_the_grid_ultimate [minmay_the_grid_prize_four_corners,
          minmay_the_grid_prize_shrinking_boxes,
          minmay_the_grid_prize_trominoes, minmay_the_grid_prize_inner_circle,
          minmay_the_grid_square_5x5_fat_x, minmay_the_grid_square_5x5_two,
          minmay_the_grid_square_5x5_tri_point, minmay_the_grid_square_5x5_v,
          minmay_the_grid_square_5x5_checkered_statues,
          minmay_the_grid_square_5x5_eight, minmay_the_grid_square_5x5_shrine2,
          minmay_the_grid_square_5x5_bridge,
          minmay_the_grid_square_5x5_hourglass,
          minmay_the_grid_square_5x5_corner,
          minmay_the_grid_square_5x5_intrusive_squares,
          minmay_the_grid_square_5x5_comb,
          minmay_the_grid_square_5x5_doubleslash,
          minmay_the_grid_square_5x5_inverted_slash,
          minmay_the_grid_square_5x5_fancy_junction,
          minmay_the_grid_triangle_9x9_limited_checkers,
          minmay_the_grid_triangle_9x9_subtriangle,
          minmay_the_grid_triangle_9x9_pentomino_pain,
          minmay_the_grid_triangle_9x9_cache,
          minmay_the_grid_triangle_9x9_empty,
          minmay_the_grid_triangle_9x9_odd_lines,
          minmay_the_grid_triangle_9x9_windchime,
          minmay_the_grid_triangle_9x9_corrupted_corridor,
          minmay_the_grid_triangle_9x9_intruding_spiral,
          minmay_the_grid_triangle_9x9_skeleton,
          minmay_the_grid_triangle_9x9_sprig,
          minmay_the_grid_triangle_9x9_shrine,
          minmay_the_grid_triangle_9x9_wacky_v,
          minmay_the_grid_triangle_9x9_warning,
          minmay_the_grid_triangle_9x9_swiss_cheese,
          minmay_the_grid_triangle_9x9_sparse_checkered,
          minmay_the_grid_square_5x5_pentomino_r,
          minmay_the_grid_octo_thin_diamonds, minmay_the_grid_octo_teeth,
          minmay_the_grid_octo_fat_diamond, minmay_the_grid_octo_shrine,
          minmay_the_grid_octo_empty, minmay_the_grid_octo_77,
          minmay_the_grid_octo_checkered, minmay_the_grid_octo_chip,
          minmay_the_grid_diamond_grid, minmay_the_grid_artifice,
          minmay_the_grid_empty, minmay_the_grid_outer_diamond], hell_entry,
          pan_entry, abyss_entry
Depths:3: minmay_ambush_box, layout_cave_pools, hell_entry,
          serial_sigils_hangedman_scar, pan_entry, abyss_entry,
          grunt_decor_one_mirror
Depths:4: hangedman_cross_stitches, layout_basic, corexii_hall_statues_deadend,
          hell_entry, abyss_entry_crystal, infiniplex_staircase_river
Depths:5: grunt_twist_and_shout, layout_cave_shapes, hell_entry,
          hangedman_abyss_or_decor_clamps

Skill      XL: |  1  2  3  4  5  6  7  8  9 10 11 12 13 14 15 16 17 |
---------------+----------------------------------------------------+-----
Axes           | 3 4 5 7 8 10 11 13 14 15 17 18 | 18.0
Invocations    | 3 6 8 9 11 14 15 17 18 | 18.0
Fighting       | 3 5 7 8 9 11 | 11.3
Armour         | 4 6 8 |  8.0
Evocations     | 3 5 |  5.0
Dodging        | 1 4 |  4.0
Shields        | 5 10 13 16 17 | 17.6

Action                   |  1- 3 |  4- 6 |  7- 9 | 10-12 | 13-15 | 16-18 || total
-------------------------+-------+-------+-------+-------+-------+-------++-------
Melee: War axe           |    55 |    54 |   319 |   261 |       |       ||   689
       Unarmed           |       |       |     8 |       |       |       ||     8
       Battleaxe         |       |       |       |   101 |       |       ||   101
       Broad axe         |       |       |       |    69 |   545 |   348 ||   962
Throw: Dart              |       |       |     2 |     2 |       |       ||     4
       Boomerang         |       |       |       |       |     6 |    21 ||    27
Invok: Heroism           |       |       |     4 |    12 |    10 |     7 ||    33
       Finesse           |       |       |       |     5 |     6 |     3 ||    14
 Abil: Heal Wounds       |       |     2 |     8 |    31 |    52 |    35 ||   128
Evoke: Wand              |       |       |       |       |    12 |    16 ||    28
  Use: Scroll            |       |     4 |     5 |     4 |     6 |     8 ||    27
       Potion            |       |       |       |     2 |     2 |     1 ||     5
 Stab: Distracted        |       |       |       |       |       |     4 ||     4
Armor: Scale mail        |    42 |       |       |       |       |       ||    42
       Plate armour      |       |    41 |   169 |   115 |    81 |   109 ||   515
       Skin              |       |       |     1 |       |       |       ||     1
       Chain mail        |       |       |       |    35 |   103 |       ||   138
Dodge: Dodged            |    24 |     8 |    37 |    98 |   141 |    86 ||   394
       Repelled          |       |       |       |       |    23 |       ||    23
Block: Kite shield       |    45 |    51 |   271 |   230 |   222 |   116 ||   935
       Reflection        |       |       |     3 |    11 |    93 |    25 ||   132
       Other             |       |       |       |    19 |       |       ||    19
       Tower shield      |       |       |       |       |   460 |   249 ||   709

Table legend: (Time is in decaauts)
 A = Elapsed time spent in this place.
 B = Non-inter-level travel time spent in this place.
 C = Inter-level travel time spent in this place.
 D = Time resting spent in this place.
 E = Time spent auto-exploring this place.
 F = Levels seen in this place.
 G = Mean time per level.
                   A        B        C        D        E       F      G
               +--------+--------+--------+--------+--------+-----+--------+
         Total |   5449 |   5289 |    160 |      0 |      0 |  34 |  160.3 |
       Dungeon |   2270 |   2243 |     27 |      0 |      0 |  15 |  151.3 |
        Temple |     35 |     28 |      7 |      0 |      0 |   1 |   35.0 |
          Lair |    917 |    874 |     43 |      0 |      0 |   4 |  229.2 |
         Swamp |    596 |    596 |      0 |      0 |      0 |   4 |  149.0 |
     Snake Pit |   1149 |   1066 |     83 |      0 |      0 |   4 |  287.2 |
        Depths |    236 |    236 |      0 |      0 |      0 |   5 |   47.2 |
      Ice Cave |    244 |    244 |      0 |      0 |      0 |   1 |  244.0 |
               +--------+--------+--------+--------+--------+-----+--------+

Top non-repeatable levels by time:
 Snake:4: 598 daAuts
     D:8: 442 daAuts
 Snake:1: 388 daAuts
     D:6: 294 daAuts
  Lair:1: 292 daAuts
 Swamp:4: 254 daAuts
   IceCv: 244 daAuts
  Lair:3: 240 daAuts
 Swamp:1: 236 daAuts
  Lair:2: 235 daAuts
     D:4: 212 daAuts
     D:3: 209 daAuts
     D:9: 207 daAuts
     D:1: 185 daAuts
     D:7: 172 daAuts
